 Dungeon Crawl Stone Soup version 0.26.1-11-gd32895ea62 (webtiles) character file.

Game seed: 11699052122432803459

1092 Zeld the Ducker (level 8, -1/54 HPs)
             Began as an Octopode Monk on May 18, 2021.
             Was a Follower of Uskayaw.
             Slain by an orc
             ... wielding a +0 club
              (3 damage)
             ... on level 7 of the Dungeon.
             The game lasted 00:09:41 (7939 turns).

Zeld the Ducker (Octopode Monk)                     Turns: 7939, Time: 00:09:43

Health: -1/54      AC:  1    Str: 13    XL:     8   Next: 31%
Magic:  9/12       EV: 15    Int: 12    God:    Uskayaw [*.....]
Gold:   484        SH:  0    Dex: 14    Spells: 13/13 levels left

rFire    . . .     SeeInvis .   n - +1 whip (elec)
rCold    . . .     Faith    .   (no shield)
rNeg     . . .     Spirit   .   (helmet restricted)
rPois    .         Reflect  .   (no amulet)
rElec    .         Harm     .   (no ring)
rCorr    .         Rampage  .   (no ring)
Will     .....                  (no ring)
Stlth    +++.......             (no ring)
HPRegen  0.18/turn              (no ring)
MPRegen  0.13/turn              (no ring)
                                (no ring)
                                (no ring)

@: no status effects
A: almost no armour, stealthy swim, amphibious, 8 rings, constrict 8, camouflage
1, gelatinous body 1
a: Renounce Religion, Stomp


You were on level 7 of the Dungeon.
You worshipped Uskayaw.
Uskayaw was noncommittal.
You visited 2 branches of the dungeon, and saw 10 of its levels.

You collected 484 gold pieces.

Inventory:

Hand Weapons
 n - a +1 whip of electrocution (weapon)
Missiles
 p - 7 javelins (quivered)
Jewellery
 d - an uncursed ring of see invisible {unknown}
Wands
 r - a wand of enslavement (8)
Scrolls
 a - 5 scrolls of teleportation {unknown}
 b - 4 scrolls of immolation {unknown}
 c - 2 scrolls of blinking {unknown}
 e - 4 scrolls of remove curse {unknown}
 f - 5 scrolls of identify {unknown}
 i - 2 scrolls of enchant armour {unknown}
 o - a scroll of magic mapping {unknown}
 t - a scroll of enchant weapon {unknown}
 u - 2 scrolls of amnesia {unknown}
Potions
 g - a potion of lignification {unknown}
 h - 3 potions of haste
 j - a potion of berserk rage {unknown}
 k - 4 potions of curing
 l - a potion of brilliance {unknown}
 m - 2 potions of attraction {unknown}
 q - a potion of heal wounds {unknown}
 s - a potion of might {unknown}


   Skills:
 - Level 4.8 Fighting
 * Level 4.5 Maces & Flails
 * Level 4.5 Throwing
 - Level 4.8 Dodging
 - Level 2.6 Stealth
 - Level 3.0 Unarmed Combat
 - Level 3.2 Spellcasting


You had 13 spell levels left.
You didn't know any spells.
Your spell library was empty.

Dungeon Overview and Level Annotations

Branches:
Dungeon (9/15)             Temple (1/1) D:4
   Lair: D:8-11         Orc: D:9-12

Altars:
Ashenzari
Cheibriados
Dithmenos
Fedhas
Hepliaklqana
Nemelex Xobeh
Okawaru
Qazlal
Ru
Sif Muna
Trog
Uskayaw
Xom
Yredelemnul
The Shining One


Innate Abilities, Weirdness & Mutations

You cannot wear most types of armour.
You are very stealthy in the water. (Stealth+)
You are amphibious.
You can wear up to eight rings at the same time.
You can use your tentacles to constrict eight enemies at once.
Your skin changes colour to match your surroundings (Stealth+).
Your rubbery body absorbs attacks. (AC +1, EV +1)


Message History

There is a stone staircase leading down here.
Okay, then.
You stomp with the beat, sending a shockwave through the revellers around you!
The orc is severely wounded.
The orc is heavily wounded.
The orc warrior is severely wounded.
The orc is severely wounded.
You can no longer stomp with the beat.
The orc barely misses you.
The orc warrior hits you but does no damage.
The orc barely misses you. x2
An orc priest comes into view. It is wielding a +0 short sword.
You can now stomp with the beat.
You closely miss the orc warrior.
The orc priest shouts!
You grab the orc warrior.
You squeeze the orc warrior, but do no damage.
The orc warrior is severely wounded.
You constrict the orc warrior, but do no damage.
The orc hits you with a +0 club.
You die...

#........#
#.......o#
#........#
#......o.#
#........#
#........#
#....o.o.#
+.....@..#
#.....oo.#
###+##......
#........
#.Y...o..
#.....o..
#........
#........


You could see an orc warrior, a sky beast, 2 orc priests, an orc wizard and 4
orcs.

Vanquished Creatures
  2 ogres
  4 bullfrogs
  A gnoll sergeant (D:6)
  A scorpion (D:3)
  2 howler monkeys
  The ghost of Zeld the Sneak, a weakling OpBr (D:4)
  A hound (D:4)
  An orc priest (D:4)
  2 centaur skeletons (D:5)
  2 orc wizards
  A bullfrog skeleton (D:4)
  An iguana (D:5)
  A worker ant (D:5)
  A hound zombie (D:6)
  3 gnolls
  8 adders
  An ooze (D:3)
  2 adder skeletons
  A worm (D:4)
  3 dart slugs
  3 leopard geckos
  8 orcs
  4 giant cockroaches
  8 goblins
  5 hobgoblins
  5 jackals
  9 kobolds
  3 bats
  4 frilled lizards
  A quokka zombie (D:6)
  4 rats (D:2)
93 creatures vanquished.

Vanquished Creatures (others)
  A hobgoblin (D:2)
1 creature vanquished.

Grand Total: 94 creatures vanquished

Notes
Turn   | Place    | Note
-------+----------+-------------------------------------------
     0 | D:1      | Zeld the Octopode Monk began the quest for the Orb.
     0 | D:1      | Reached XP level 1. HP: 16/16 MP: 1/1
     6 | D:1      | Noticed a worker ant
     6 | D:1      | Noticed a tyrant leech
     6 | D:1      | Noticed a komodo dragon
     7 | D:1      | Noticed a centaur warrior
   190 | D:1      | Reached XP level 2. HP: 21/21 MP: 2/2
   748 | D:2      | Reached skill level 1 in Spellcasting
   838 | D:2      | Reached XP level 3. HP: 23/26 MP: 4/4
  1403 | D:2      | Found a stormy altar of Qazlal.
  1741 | D:3      | Reached XP level 4. HP: 33/33 MP: 6/6
  2205 | D:3      | Found a sacrificial altar of Ru.
  2512 | D:4      | Reached XP level 5. HP: 37/37 MP: 8/8
  2901 | D:3      | Reached XP level 6. HP: 23/44 MP: 8/10
  3682 | D:4      | Found a runed translucent door.
  3682 | D:4      | Noticed Zeld's ghost (weakling OpBr)
  3721 | D:4      | Found a staircase to the Ecumenical Temple.
  3739 | Temple   | Entered the Ecumenical Temple
  3934 | Temple   | Became a worshipper of Uskayaw the Reveller
  3934 | Temple   | Reached * piety under Uskayaw
  4279 | D:4      | Killed Zeld's ghost
  4279 | D:4      | Reached ** piety under Uskayaw
  4487 | D:5      | Entered Level 5 of the Dungeon
  4526 | D:5      | Reached skill level 1 in Maces & Flails
  4526 | D:5      | Reached skill level 1 in Throwing
  4526 | D:5      | Reached XP level 7. HP: 13/49 MP: 11/11
  4560 | D:5      | HP: 2/49 [howler monkey (4)]
  5552 | D:6      | Reached *** piety under Uskayaw
  6627 | D:6      | Reached XP level 8. HP: 24/54 MP: 12/12
  6989 | D:6      | Noticed a troll
  7808 | D:6      | You fall into a shaft and drop 3 floors!
  7936 | D:8      | HP: 2/54 [orc warrior/+3 scimitar of protection (19)]
  7939 | D:7      | Slain by an orc

Illustrated notes

Levels and vault maps discovered:
D:1:      onia_arrival_zoo_common, layout_loops_ring,
          chequers_serial_rivers_micro_b, minmay_misc_feat_five
D:2:      layout_basic, grunt_qazlal_clouds, serial_rivers,
          chequers_serial_rivers_micro_e, chequers_serial_rivers_small_b,
          chequers_serial_rivers_micro_e, chequers_serial_rivers_micro_e,
          chequers_serial_rivers_small_b, chequers_serial_rivers_room_a
D:3:      layout_loops_ring, nicolae_ru_great_annihilating_truth,
          corexii_leaking_fountain, minivault_25
D:4:      layout_rooms, minmay_temple_entry_statues_pillars,
          hellmonk_ghost_happy_afterlife, kennysheep_boxes
D:5:      layout_basic
D:6:      layout_rooms
D:7:      layout_gridville, grunt_temple_overflow_gold_and_silver,
          lemuel_crystal_altar, nzn_wu_jian_contemplation, serial_shops,
          nicolae_shop_statue_plus, shop, shop, nicolae_shop_stone, shop,
          nicolae_alphabet_shops, uniq_pikel, uniq_menkaure, uniq_maggie
D:8:      layout_rooms, basic_altar, serial_aquarium, aquarium_bridge_square
          [aquarium_subvault_balcony, aquarium_subvault_balcony,
          aquarium_subvault_bridge, aquarium_subvault_balcony],
          aquarium_bridge_straight [aquarium_subvault_bridge,
          aquarium_subvault_window, aquarium_subvault_bridge,
          aquarium_subvault_window], aquarium_window_3, aquarium_window_fake,
          aquarium_window_2, aquarium_view_2d, aquarium_balcony_5b
D:9:      layout_grid_maze, gammafunk_temple_overflow_claw, uniq_grum,
          uniq_prince_ribbit1, uniq_gastronok
Temple:   oiseaux_autumnal_temple

Skill      XL: |  1  2  3  4  5  6  7  8 |
---------------+-------------------------+-----
Spellcasting   | 1 2 3 |  3.2
Fighting       | 4 |  4.8
Dodging        | 4 |  4.8
Maces & Flails | 1 3 4 |  4.5
Throwing       | 1 3 4 |  4.5
Stealth        | |  2.6
Unarmed Combat | |  3.0

Action                   |  1- 3 |  4- 6 |  7- 9 || total
-------------------------+-------+-------+-------++-------
Melee: Unarmed           |    60 |    56 |       ||   116
       Constrict         |    19 |    22 |    25 ||    66
       Tentacles         |     5 |    19 |    28 ||    52
       Punch             |       |     1 |     2 ||     3
       Whip              |       |    25 |   122 ||   147
Throw: Javelin           |       |       |     3 ||     3
Invok: Stomp             |       |     1 |     5 ||     6
Evoke: Wand              |       |       |     5 ||     5
  Use: Potion            |       |       |     1 ||     1
 Stab: Sleeping          |    12 |     5 |       ||    17
       Paralysed         |       |     2 |       ||     2
       Distracted        |       |       |     1 ||     1
Armor: Skin              |     4 |     4 |     7 ||    15
Dodge: Dodged            |    28 |    42 |   122 ||   192
